 Dungeon Crawl Stone Soup version 0.31.0-32-g396128a36d (webtiles) character file.

Game seed: 15089632720865098451

2909 Danteric the Cleaver (level 9, -3/79 HPs)
             Began as a Hill Orc Fighter on Apr 14, 2024.
             Was a Priest of Beogh.
             Killed from afar by an electric eel (9 damage)
             ... with a bolt of electricity
             ... in a bailey.
             The game lasted 00:14:51 (6813 turns).

Danteric the Cleaver (Hill Orc Fighter)             Turns: 6813, Time: 00:14:51

Health: -3/79      AC: 19    Str: 23    XL:     9   Next: 78%
Magic:  9/9        EV:  6    Int:  8    God:    Beogh [***...]
Gold:   353        SH:  5    Dex: 10    Spells: 8/8 levels left

rFire   . . .        q - +3 war axe (flame)
rCold   . . .        c - +0 buckler
rNeg    . . .        i - +0 plate armour
rPois   .            (no helmet)
rElec   .            o - +1 cloak
rCorr   .            m - +0 pair of gloves
SInv    .            E - +2 pair of boots
Will    .....        (no amulet) Stlth
                     (no ring)
HPRegen 0.33/turn    (no ring)
MPRegen 0.11/turn

%: no passive effects
@: no status effects
A: no striking features
a: Renounce Religion, Smiting


You were in a bailey.
You worshipped Beogh.
Beogh was most pleased with you.
You visited 1 branch of the dungeon, and saw 7 of its levels.
You also visited: Sewer, Ossuary and Bailey.

You collected 353 gold pieces.

Inventory:

Hand Weapons
 a - a +0 war axe of draining
 q - a +3 war axe of flaming (weapon)
Missiles
 u - 2 throwing nets (quivered)
Armour
 b - a +0 scale mail
 c - a +0 buckler (worn)
 i - a +0 plate armour (worn)
 m - a +0 pair of gloves (worn)
 o - a +1 cloak (worn)
 v - a scarf of harm
 E - a +2 pair of boots (worn)
Talismans
 e - a granite talisman
Wands
 h - a wand of iceblast (20)
 y - a wand of mindburst (4)
Scrolls
 f - 3 scrolls of immolation
 g - 5 scrolls of revelation
 n - a scroll of poison
 w - 2 scrolls of fear
 x - a scroll of identify
 B - 3 scrolls of blinking
 G - 2 scrolls of brand weapon
 H - a scroll of butterflies {unknown}
Potions
 d - 3 potions of might
 j - 3 potions of cancellation
 k - a potion of attraction
 l - 4 potions of curing
 p - a potion of haste {unknown}
 r - 2 potions of mutation {unknown}
 s - a potion of ambrosia {unknown}
 t - a potion of heal wounds {unknown}
 z - 2 potions of berserk rage {unknown}
 A - 2 potions of enlightenment {unknown}
 C - 2 potions of magic {unknown}
 D - a potion of lignification
 F - 2 potions of brilliance {unknown}


   Skills:
 + Level 7.2 Fighting
 + Level 11.2 Axes
 + Level 6.7 Armour
 + Level 0.5 Dodging
 + Level 0.1 Stealth
 + Level 5.2 Shields
 * Level 4.5 Shapeshifting


You had 8 spell levels left.
You didn't know any spells.
Your spell library contained the following spells:

 Spells                   Type           Power      Damage    Failure   Level
 Slow                     Hex            0%         N/A       100%        1
 Call Canine Familiar     Summ           0%         N/A       100%        3
 Confusing Touch          Hex            0%         N/A       100%        3
 Sigil of Binding         Hex            0%         N/A       100%        3
 Vampiric Draining        Necr           0%         2d6       100%        3
 Dimensional Bullseye     Hex/Tloc       0%         N/A       100%        4


Dungeon Overview and Level Annotations

Branches:
Dungeon (7/15)             Temple (0/1) D:4           Sewer (visited)
Ossuary (visited)          Bailey (1/1)

Altars:
Cheibriados
Kikubaaqudgha
Trog
Uskayaw
Vehumet
The Shining One

Shops:
D:7 !


Message History

The bolt of electricity hits you. x2
There is an open door here.
You swap places.
The electric eel shoots out a bolt of lightning at you!
The bolt of electricity hits your orc knight.
The bolt of electricity hits you.
The electric eel shoots out a bolt of lightning at you!
The bolt of electricity hits the electric eel.
The electric eel completely resists.
The bolt of electricity hits your orc knight.
The bolt of electricity hits you!
Things that are here:
a +0 war axe; a +0 leather armour; an orc corpse The electric eel shoots out a bolt of lightning at you!
The bolt of electricity hits the electric eel.
The electric eel completely resists.
The bolt of electricity hits your orc warrior!
Your orc warrior dies!
The bolt of electricity hits you.
The electric eel shoots out a bolt of lightning at you!
The bolt of electricity hits your orc knight!
The bolt of electricity hits you!
* * * LOW HITPOINT WARNING * * *
The electric eel shoots out a bolt of lightning at you!
The bolt of electricity hits the electric eel.
The electric eel completely resists.
The bolt of electricity misses your orc knight.
The bolt of electricity hits you!
* * * LOW HITPOINT WARNING * * *
Your orc knight hits the electric eel with a +0 broad axe!
The electric eel shoots out a bolt of lightning at you!
The bolt of electricity hits your orc knight!
The bolt of electricity hits you.
* * * LOW HITPOINT WARNING * * *
The electric eel shoots out a bolt of lightning at you!
The bolt of electricity hits the electric eel.
The electric eel completely resists.
The bolt of electricity hits your orc knight!
The bolt of electricity hits you!
You die...

≈≈≈≈≈≈~.#..#
≈≈≈≈S≈~.#..#
≈≈≈≈≈≈~.#..#
≈≈≈≈≈≈S.#..#
≈≈≈≈≈≈#o#)##
≈≈≈≈≈ #....#
≈≈≈≈ #.)..#
≈≈≈
###..######
≈≈ +@.......
≈ ####~~~~~
≈≈≈≈≈ ≈≈≈≈
≈≈≈≈ ≈≈≈


You could see 2 electric eels and a friendly orc knight.

Vanquished Creatures
  Pikel (D:6)
  Grinder (D:4)
  Sigmund (D:4)
  Menkaure (D:4)
  A sky beast (D:7)
  2 centaurs (D:6)
  2 lemures (D:6)
  A kobold brigand (D:7)
  2 brain worms (Sewer)
  2 weeping skulls (Ossuary)
  A bullfrog (D:6)
  A gnoll sergeant (D:5)
  3 scorpions (D:6)
  3 wights (D:7)
  An electric eel (Bailey)
  2 bombardier beetles
  3 hounds
  2 orc priests (D:5)
  Crazy Yiuf (D:2)
  A gnoll bouda (D:6)
  An iguana (D:6)
  Terence (D:2)
  7 orc wizards
  3 mummies (Ossuary)
  12 gnolls
  10 adders
  4 river rats (D:5)
  2 white imps
  2 ufetubi (D:6)
  2 ribbon worms
  3 dart slugs
  13 orcs
  5 endoplasms
  4 giant cockroaches
  3 gnoll zombies (Ossuary)
  6 goblins
  11 hobgoblins
  2 jackals (D:3)
  7 kobolds
  3 quokkas
  10 ball pythons
  4 bats
  11 frilled lizards
  A kobold zombie (Ossuary)
  4 orc zombies (Ossuary)
  4 rats
167 creatures vanquished.

Vanquished Creatures (others)
  2 orc warriors (Bailey)
  3 orcs
5 creatures vanquished.

Grand Total: 172 creatures vanquished

Notes
Turn   | Place    | Note
-------+----------+-------------------------------------------
     0 | D:1      | Danteric the Hill Orc Fighter began the quest for the Orb.
     0 | D:1      | Reached XP level 1. HP: 19/19 MP: 1/1
    88 | D:1      | Found a faded altar of an unknown god.
    90 | D:1      | Reached XP level 2. HP: 27/27 MP: 2/2
   100 | D:1      | Reached skill level 3 in Axes
   299 | D:1      | Reached XP level 3. HP: 32/33 MP: 3/3
   918 | D:2      | Noticed Terence
   929 | D:2      | Killed Terence
   930 | D:2      | Reached skill level 4 in Axes
   930 | D:2      | Reached XP level 4. HP: 24/40 MP: 4/4
  1457 | D:2      | Found a runed translucent door.
  1458 | D:2      | Noticed Crazy Yiuf
  1715 | D:2      | Killed Crazy Yiuf
  1716 | D:2      | Reached skill level 1 in Shapeshifting
  1850 | D:3      | Reached XP level 5. HP: 46/46 MP: 5/5
  2178 | D:3      | Reached skill level 5 in Axes
  2787 | D:4      | Found a radiant altar of Vehumet.
  2788 | D:4      | Became a worshipper of Beogh the Brigand
  2803 | D:4      | Reached XP level 6. HP: 51/53 MP: 6/6
  2918 | D:4      | Noticed Grinder
  2933 | D:4      | Paralysed by Grinder for 3 turns
  2937 | D:4      | Killed Grinder
  2938 | D:4      | Reached skill level 6 in Axes
  3062 | D:4      | Noticed Sigmund
  3069 | D:4      | Killed Sigmund
  3070 | D:4      | Reached skill level 7 in Axes
  3070 | D:4      | Reached XP level 7. HP: 48/60 MP: 7/7
  3154 | D:4      | Noticed Menkaure
  3163 | D:4      | Killed Menkaure
  3164 | D:4      | Reached skill level 5 in Fighting
  3371 | D:4      | Found a staircase to the Ecumenical Temple.
  3643 | D:5      | Entered Level 5 of the Dungeon
  3674 | D:5      | Found a glowing drain.
  3682 | D:5      | Reached skill level 5 in Armour
  3682 | D:5      | Reached * piety under Beogh
  3693 | D:5      | Reached skill level 8 in Axes
  3693 | D:5      | Reached XP level 8. HP: 60/68 MP: 8/8
  3701 | Sewer    | Entered a sewer
  4431 | D:5      | Found an ancient bone altar of Kikubaaqudgha.
  4900 | D:6      | Noticed Pikel
  4916 | D:6      | Killed Pikel
  4917 | D:6      | Reached skill level 9 in Axes
  4917 | D:6      | Reached XP level 9. HP: 49/77 MP: 9/9
  5015 | D:6      | Reached ** piety under Beogh
  5021 | D:6      | Reached skill level 10 in Axes
  5200 | D:6      | Reached skill level 5 in Shields
  5971 | D:6      | Found a bloodstained altar of Trog.
  5971 | D:6      | Found a hide-covered altar of Uskayaw.
  5971 | D:6      | Found a snail-covered altar of Cheibriados.
  6140 | D:7      | Found a glowing golden altar of the Shining One.
  6157 | D:7      | Found a sand-covered staircase.
  6163 | Ossuary  | Entered an ossuary
  6255 | Ossuary  | Reached *** piety under Beogh
  6405 | D:7      | Found a flagged portal.
  6420 | D:7      | Found Vitimpicw's Distillery.
  6436 | D:7      | Reached skill level 11 in Axes
  6463 | Bailey   | Entered a bailey
  6567 | Bailey   | Noticed an orc knight
  6813 | Bailey   | Killed from afar by an electric eel

Illustrated notes

Levels and vault maps discovered:
D:1:      erik_arrival_orb_chamber, layout_loops_cross,
          hellmonk_ecumenical_altar_blasted
D:2:      layout_loops_ring, minmay_misc_feat_roman, minmay_misc_feat_doors,
          kennysheep_generic_room_7, uniq_terence, uniq_crazy_yiuf_cottage
D:3:      layout_basic
D:4:      layout_basic, lemuel_doored_altar, minmay_temple_entry_sparse_star,
          uniq_grinder, uniq_sigmund, uniq_menkaure
D:5:      layout_rooms, mainiacjoe_overflow_cross_hatched, portal_sewer_entry_a
D:6:      nicolae_whirlpool, layout_loops_corners,
          gammafunk_temple_overflow_forgotten, makhleb_blood_cavern_becter,
          uniq_blork_the_orc, uniq_pikel
D:7:      minmay_general_purpose_star, layout_basic,
          grunt_temple_overflow_opulence, tso_oasis_becter, enter_bailey_2,
          serial_shops, shop, nicolae_ossuary_entry_ruins
Bailey:   bailey_axe_of_yendor_kennysheep, bailey

Skill      XL: |  1  2  3  4  5  6  7  8  9 |
---------------+----------------------------+-----
Axes           | 3 4 5 7 8 9 11 | 11.2
Fighting       | 4 5 6 7 |  7.2
Shapeshifting  | 1 2 3 4 |  4.5
Armour         | 4 5 6 |  6.7
Shields        | 4 5 |  5.2
Dodging        | |  0.5
Stealth        | |  0.1

Action                     |  1- 3 |  4- 6 |  7- 9 || total
---------------------------+-------+-------+-------++-------
  Melee: War axe           |    64 |   103 |   318 ||   485
 Invoke: Convert to Beogh  |       |     1 |       ||     1
    Use: Scroll            |     3 |     2 |    14 ||    19
         Potion            |       |       |     2 ||     2
 Armour: Scale mail        |    47 |       |       ||    47
         Plate armour      |       |    67 |   325 ||   392
         Skin              |       |       |     2 ||     2
  Dodge: Dodged            |    21 |    26 |    84 ||   131
  Block: Buckler           |    11 |    16 |    66 ||    93
